 Dungeon Crawl Stone Soup version 0.32-a0-685-g93135e86f0 (webtiles) character file.

Game seed: 5721865798930020328

165 mightbedylan the Conjurer (level 5, -5/38 HPs)
             Began as a Draconian Conjurer on Mar 12, 2024.
             Was an Initiate of Yredelemnul.
             Killed by divine providence
             ... invoked by an orc priest
              (12 damage)
             ... on level 3 of the Dungeon.
             The game lasted 00:14:36 (2615 turns).

mightbedylan the Conjurer (Draconian Conjurer)      Turns: 2615, Time: 00:14:37

Health: -5/38      AC:  9    Str:  9    XL:     5   Next: 21%
Magic:  4/9        EV: 12    Int: 20    God:    Yredelemnul [......]
Gold:   94         SH:  5    Dex: 10    Spells: 6/10 levels left

rFire   . . .        g - +0 dagger (venom)
rCold   . . .        (no shield)
rNeg    . . .        (body armour unavailable)
rPois   .            (helmet restricted)
rElec   .            (no cloak)
rCorr   .            (no gloves)
SInv    .            (no boots)
Will    .....        h - amulet of reflection
Stlth   ++           d - +4 ring of protection
HPRegen 0.26/turn    (no ring)
MPRegen 0.11/turn

%: reflection
@: lethally poisoned (-5 -> -11), wreathed by umbra
A: AC +5, unfitting armour, cold-blooded
a: Renounce Religion, Light the Black Torch, Recall Undead Harvest


You were on level 3 of the Dungeon.
You worshipped Yredelemnul.
Yredelemnul was noncommittal.
You visited 1 branch of the dungeon, and saw 3 of its levels.

You collected 94 gold pieces.

Inventory:

Hand Weapons
 b - a +0 dagger
 g - a +0 dagger of venom (weapon)
Missiles
 j - 5 poisoned darts
Armour
 l - a +0 barding
Jewellery
 d - a +4 ring of protection (left hand)
 h - an amulet of reflection (around neck)
Scrolls
 i - a scroll of identify
Potions
 a - a potion of magic
 c - a potion of mutation
 e - 2 potions of curing
 f - a potion of cancellation {unknown}


   Skills:
 + Level 2.8 Dodging
 + Level 3.0 Stealth
 + Level 3.0 Spellcasting
 + Level 4.8 Conjurations


You had 6 spell levels left.
You knew the following spells:

 Your Spells              Type           Power      Damage    Failure   Level
a - Magic Dart            Conj           88%        1d7       1%          1
b - Shock                 Conj/Air       48%        1d6       5%          1
c - Searing Ray           Conj           44%        2d6       3%          2

Your spell library contained the following spells:

 Spells                   Type           Power      Damage    Failure   Level
 Swiftness                Air            3%         N/A       38%         3
 Fulminant Prism          Conj/Alch      6%         3d7       47%         4
 Iskenderun's Mystic Bla  Conj/Tloc      12%        2d5       47%         4
 Airstrike                Air            1%         2d(1-17)  80%         4


Dungeon Overview and Level Annotations

Branches:
Dungeon (3/15)

Altars:
Cheibriados
Yredelemnul

Shops:
D:2 =


Innate Abilities, Weirdness & Mutations

Your plain brown scales are hard. (AC +5)
You cannot fit into any form of body armour.
You are cold-blooded and may be slowed by cold attacks.


Message History

The orc wizard hits you but does no damage.
The orc priest invokes the aid of Beogh against you.
Beogh smites you!
The orc priest miscasts a cantrip.
Your Stealth skill increases to level 3!
The searing ray hits the orc wizard.
You kill the orc wizard!
Their soul becomes fuel for the torch.
The searing ray hits the orc priest.
The orc priest is severely wounded.
You finish channelling your searing ray.
The dead are walking!
Your Spellcasting skill increases to level 3!
The orc priest invokes the aid of Beogh against you.
Pain shoots through your body!
* * * LOW HITPOINT WARNING * * *
You closely miss the orc priest.
The orc priest is severely wounded.
The orc priest barely misses you.
The orc priest hits your orc wizard zombie with a +0 club.
You barely miss the orc priest.
Your tail-slap misses the orc priest.
The orc priest is severely wounded.
Your orc wizard zombie hits the orc priest but does no damage.
The orc priest misses you.
The orc priest hits your orc wizard zombie with a +0 club.
You hit the orc priest.
The orc priest is severely wounded.
Your orc wizard zombie barely misses the orc priest.
The orc priest hits you with a +2 dagger of venom.
* * * LOW HITPOINT WARNING * * *
You are poisoned.
The orc priest hits your orc wizard zombie with a +0 club.
You swap places.
* * * LOW HITPOINT WARNING * * *
You feel sick.
Your goblin zombie closely misses the orc priest.
The orc priest calls down the wrath of Beogh upon you.
Beogh smites you!
You die...
Your body rises from the dead as a mindless zombie.

#.#
##...#####..######...###.
#.. #####
#.^....#......#. ###
#......#####....
#.....######..##
#######.###.....##.##
........#†'†.._.##.#
.#####..###.....##.#
.##.######.....######.###
....oZoZ@.......# #....
.....#####......# #####
.#. #...#..# #..#.##.#
#....# .# #.#### .# #.


You could see 2 orc priests, a friendly goblin zombie and a friendly orc wizard
zombie.

Vanquished Creatures
  A human (D:3)
  2 orc wizards (D:3)
  2 adders (D:3)
  A dart slug (D:2)
  A ribbon worm (D:2)
  3 orcs (D:3)
  2 endoplasms
  5 goblins
  5 hobgoblins
  6 quokkas
  7 ball pythons
  6 bats
  6 frilled lizards
  6 kobolds
  5 rats
58 creatures vanquished.

Vanquished Creatures (others)
  2 orc wizards (D:3)
2 creatures vanquished.

Grand Total: 60 creatures vanquished

Notes
Turn   | Place    | Note
-------+----------+-------------------------------------------
     0 | D:1      | mightbedylan the Draconian Conjurer began the quest for the
                  | Orb.
     0 | D:1      | Reached XP level 1. HP: 14/14 MP: 3/3
   169 | D:1      | Learned a level 1 spell: Shock
   291 | D:1      | Reached XP level 2. HP: 20/20 MP: 0/5
  1153 | D:2      | Reached XP level 3. HP: 22/26 MP: 1/6
  1209 | D:2      | Found Kevo's Jewellery Shop.
  2036 | D:3      | Found a snail-covered altar of Cheibriados.
  2117 | D:3      | Learned a level 2 spell: Searing Ray
  2213 | D:3      | Reached XP level 4. HP: 32/33 MP: 3/7
  2463 | D:3      | Found a runed translucent door.
  2463 | D:3      | Noticed a human
  2464 | D:3      | Found a basalt altar of Yredelemnul.
  2491 | D:3      | Killed a human
  2525 | D:3      | Became a worshipper of Yredelemnul the Fallen
  2608 | D:3      | Reached XP level 5. HP: 23/38 MP: 6/9
  2615 | D:3      | Killed from afar by an orc priest

Illustrated notes

Levels and vault maps discovered:
D:1:      amcnicky_arrival_gap_in_the_tavern_cellar, layout_loops_ring,
          hangedman_decor_riveting
D:2:      layout_basic, serial_shops, nicolae_shop_hallway_plus,
          interstate_on_off
D:3:      layout_loops_ring, dk_yredelemnul_ordeal,
          mainiacjoe_overflow_six_doors_small, minmay_cut_off

Skill      XL: |  1  2  3  4  5 |
---------------+----------------+-----
Dodging        | 2 |  2.8
Stealth        | 2 3 |  3.0
Spellcasting   | 3 |  3.0
Conjurations   | |  4.8

Action                     |  1- 3 |  4- 6 || total
---------------------------+-------+-------++-------
  Melee: Unarmed           |    10 |       ||    10
         Dagger            |    37 |    17 ||    54
         Tailslap          |     5 |     1 ||     6
   Cast: Magic Dart        |    54 |     5 ||    59
         Shock             |    19 |     1 ||    20
         Searing Ray       |       |     4 ||     4
 Invoke: Light the Black T |       |     1 ||     1
    Use: Scroll            |     3 |     1 ||     4
         Potion            |     1 |     2 ||     3
 Armour: Skin              |    47 |    42 ||    89
  Dodge: Dodged            |    46 |    33 ||    79
  Block: Other             |     2 |    10 ||    12

Table legend: (Time is in decaauts)
 A = Elapsed time spent in this place.
 B = Non-inter-level travel time spent in this place.
 C = Inter-level travel time spent in this place.
 D = Time resting spent in this place.
 E = Time spent auto-exploring this place.
 F = Levels seen in this place.
 G = Mean time per level.
                   A        B        C        D        E       F      G
               +--------+--------+--------+--------+--------+-----+--------+
         Total |   2612 |   2557 |     55 |      9 |   2080 |   3 |  870.7 |
       Dungeon |   2612 |   2557 |     55 |      9 |   2080 |   3 |  870.7 |
               +--------+--------+--------+--------+--------+-----+--------+

Top non-repeatable levels by time:
     D:2: 1087 daAuts
     D:1: 940 daAuts
     D:3: 584 daAuts
